 Dungeon Crawl Stone Soup version 0.30.0-17-ge0270778cf (webtiles) character file.

Game seed: 8334646049104214857

2109 rundlesten the Cleaver (level 9, -2/70 HPs)
             Began as a Minotaur Berserker on May 20, 2023.
             Was a Believer of Trog.
             Slain by a sky beast (6 damage)
             ... on level 7 of the Dungeon on May 21, 2023.
             The game lasted 00:53:29 (7544 turns).

rundlesten the Cleaver (Minotaur Berserker)         Turns: 7544, Time: 00:53:30

Health: -2/70      AC: 10    Str: 22    XL:     9   Next: 7%
Magic:  8/8        EV:  9    Int:  4    God:    Trog [**....]
Gold:   271        SH:  0    Dex: 14    Spells: 8/8 levels left

rFire   + . .        y - +0 war axe
rCold   . . .        (no shield)
rNeg    . . .        x - +2 chain mail {rPois}
rPois   +            (helmet restricted)
rElec   .            (no cloak)
rCorr   .            (no gloves)
SInv    .            (no boots)
Will    .....        (no amulet) Stlth
                     j - ring of fire
HPRegen 0.31/turn    h - ring of protection from cold
MPRegen 0.11/turn

%: no passive effects
@: no status effects
A: horns 2, retaliatory headbutt
a: Renounce Religion, Berserk, Trog's Hand


You were on level 7 of the Dungeon.
You worshipped Trog.
Trog was pleased with you.
You visited 1 branch of the dungeon, and saw 7 of its levels.

You collected 271 gold pieces.

Inventory:

Hand Weapons
 y - a +0 war axe (weapon)
Armour
 d - a +0 pair of boots
 p - a +0 kite shield
 x - a +2 chain mail of poison resistance (worn)
Jewellery
 h - a ring of protection from cold (right hand)
 j - a ring of fire (left hand)
Wands
 a - a wand of light (9)
 t - a wand of paralysis (13)
 w - a wand of flame (27)
Scrolls
 e - a scroll of enchant armour
 g - 2 scrolls of summoning
 k - 2 scrolls of fog
 l - a scroll of torment {unknown}
 m - a scroll of silence {unknown}
 n - a scroll of poison {unknown}
 o - a scroll of brand weapon {unknown}
 u - a scroll of magic mapping {unknown}
 z - a scroll of blinking {unknown}
Potions
 b - a potion of attraction {unknown}
 c - 2 potions of curing
 i - 3 potions of might
 q - a potion of berserk rage {unknown}
 r - 2 potions of ambrosia
 v - a potion of flight {unknown}


   Skills:
 - Level 3.6 Fighting
 + Level 14.4 Axes
 - Level 2.4 Armour
 - Level 2.1 Dodging


You had 8 spell levels left.
You didn't know any spells.
Your spell library was empty.

Dungeon Overview and Level Annotations

Branches:
Dungeon (7/15)             Temple (0/1) D:4

Altars:
Qazlal
Ru
Sif Muna

Shops:
D:4 (

Annotations:
D:7 Joseph


Innate Abilities, Weirdness & Mutations

You have a pair of horns on your head.
You reflexively headbutt those who attack you in melee.


Message History

You hear a shout!
Joseph shoots a sling bullet.
The sling bullet hits you!
Joseph says, "I'm here to kill trespassers.
I like my job."
Joseph shoots a sling bullet.
The sling bullet hits you!
* * * LOW HITPOINT WARNING * * *
As you read the scroll of teleportation, it crumbles to dust.
You feel strangely unstable.
A kobold comes into view.
It is wielding a +0 whip and quivering poisoned darts.
Joseph shoots a sling bullet.
The sling bullet closely misses you.
You hear a shout!
Joseph shoots a sling bullet.
The sling bullet hits you.
* * * LOW HITPOINT WARNING * * *
You feel the effects of Trog's Hand fading.
Joseph shoots a sling bullet.
The sling bullet hits you.
* * * LOW HITPOINT WARNING * * *
Found a stone staircase leading up.
Your surroundings suddenly seem different.
Your skin stops crawling.
You feel less strong-willed.
A sky beast comes into view.
The sky beast hits you but does no damage.
The sky beast hits you.
* * * LOW HITPOINT WARNING * * *
The sky beast shocks you.
* * * LOW HITPOINT WARNING * * *
The sky beast hits you but does no damage.
The sky beast flickers out of sight!
Deactivating autopickup; reactivate with Ctrl-A.
Something hits you but does no damage.
A sky beast appears from thin air!
Reactivating autopickup.
The sky beast barely misses you. You furiously retaliate!
You headbutt the sky beast, but do no damage.
The sky beast hits you.
* * * LOW HITPOINT WARNING * * *
The sky beast shocks you.
* * * LOW HITPOINT WARNING * * *
The sky beast hits you.
* * * LOW HITPOINT WARNING * * *
The sky beast shocks you.
You die...

## . .##
..##
##..#
###...
##...Y#
#....@#
#......#
#......#
#......##
#......
.......
.......
....... .


You could see a sky beast.

Vanquished Creatures
  Sigmund (D:5)
  Edmund (D:5)
  A water moccasin (D:5)
  4 black bears
  2 ice beasts
  An ogre (D:5)
  A phantom (D:5)
  Blork the orc (D:5)
  2 bullfrogs (D:6)
  2 scorpions
  A howler monkey (D:6)
  2 hounds
  A jelly (D:6)
  2 orc priests (D:6)
  A gnoll bouda (D:6)
  Terence (D:2)
  3 iguanas
  4 orc wizards (D:6)
  8 adders
  12 gnolls
  A white imp (D:6)
  2 ufetubi
  3 worms (D:2)
  A dart slug (D:3)
  6 orcs
  4 ball pythons
  2 bats (D:2)
  5 endoplasms
  8 goblins
  5 hobgoblins
  7 jackals
  7 kobolds
  5 quokkas
  2 frilled lizards (D:1)
  4 rats
113 creatures vanquished.

Notes
Turn   | Place    | Note
-------+----------+-------------------------------------------
     0 | D:1      | rundlesten the Minotaur Berserker began the quest for the
                  | Orb.
     0 | D:1      | Reached XP level 1. HP: 19/19 MP: 0/0
    54 | D:1      | Reached skill level 4 in Axes
   245 | D:1      | Reached XP level 2. HP: 26/26 MP: 1/1
  1143 | D:2      | Reached skill level 5 in Axes
  1158 | D:2      | Reached XP level 3. HP: 29/31 MP: 2/2
  1496 | D:2      | Noticed Terence
  1506 | D:2      | Killed Terence
  1507 | D:2      | Reached skill level 6 in Axes
  1507 | D:2      | Reached XP level 4. HP: 39/39 MP: 3/3
  1586 | D:2      | Reached ** piety under Trog
  2160 | D:3      | You fall into a shaft and drop 3 floors!
  2184 | D:6      | Reached skill level 7 in Axes
  2184 | D:6      | Reached XP level 5. HP: 45/45 MP: 4/4
  2245 | D:5      | Entered Level 5 of the Dungeon
  2252 | D:5      | Noticed a black bear
  2254 | D:5      | Noticed an ice beast
  2262 | D:5      | Killed a black bear
  2263 | D:5      | Reached skill level 8 in Axes
  2263 | D:5      | Reached XP level 6. HP: 51/51 MP: 5/5
  2266 | D:5      | Killed an ice beast
  2412 | D:4      | Reached skill level 9 in Axes
  2597 | D:3      | Found a shimmering blue altar of Sif Muna.
  3604 | D:4      | Upgraded the game from 0.30.0-16-gbe6223bb7e to
                  | 0.30.0-17-ge0270778cf
  3648 | D:4      | Found Zimarr's Weapon Shop.
  3763 | D:4      | Found a stormy altar of Qazlal.
  3865 | D:4      | Reached XP level 7. HP: 21/57 MP: 6/6
  4079 | D:4      | Reached skill level 10 in Axes
  4598 | D:4      | Found a staircase to the Ecumenical Temple.
  4880 | D:5      | Noticed Blork the orc
  4889 | D:5      | Killed Blork the orc
  5113 | D:5      | Reached skill level 11 in Axes
  5360 | D:5      | Noticed Sigmund
  5374 | D:5      | Killed Sigmund
  5375 | D:5      | Reached skill level 12 in Axes
  5375 | D:5      | Reached XP level 8. HP: 62/64 MP: 7/7
  5466 | D:5      | Noticed Edmund
  5490 | D:5      | Killed Edmund
  5720 | D:5      | Reached skill level 13 in Axes
  6412 | D:6      | Reached skill level 14 in Axes
  6565 | D:6      | Found a sacrificial altar of Ru.
  6983 | D:6      | Reached XP level 9. HP: 59/70 MP: 8/8
  7510 | D:7      | Noticed Joseph
  7544 | D:7      | Slain by a sky beast

Illustrated notes

Levels and vault maps discovered:
D:1:      lemuel_arrival_funnel, layout_basic, serial_forest,
          infiniplex_forest_lined_4_way, infiniplex_forest_corner_1,
          infiniplex_forest_end_2, infiniplex_forest_clump_double
D:2:      layout_loops_ring, uniq_terence
D:3:      layout_basic, mainiacjoe_overflow_cross_hatched
D:4:      layout_cave_pods, nicolae_qazlal_eye_of_the_storm,
          minmay_temple_entry_overgrown, serial_shops, shop,
          roderic_roman_lattice
D:5:      layout_loops_ring, uniq_blork_the_orc, uniq_sigmund, uniq_edmund
D:6:      layout_layer_cave, nicolae_ru_path_of_blood
D:7:      layout_cave_pods, corner_web_ring, uniq_joseph

Skill      XL: |  1  2  3  4  5  6  7  8 |
---------------+-------------------------+-----
Axes           | 4 5 6 7 8 9 12 14 | 14.4
Fighting       | |  3.6
Armour         | |  2.4
Dodging        | |  2.1

Action                     |  1- 3 |  4- 6 |  7- 9 || total
---------------------------+-------+-------+-------++-------
  Melee: Hand axe          |   118 |   100 |    57 ||   275
         Headbutt          |    31 |    23 |    24 ||    78
         War axe           |       |       |    73 ||    73
 Invoke: Berserk           |     1 |     2 |     7 ||    10
         Trog's Hand       |       |     2 |     7 ||     9
  Evoke: Wand              |       |       |     2 ||     2
    Use: Scroll            |     2 |     4 |     4 ||    10
         Potion            |       |       |     2 ||     2
 Armour: Animal skin       |     2 |       |       ||     2
         Chain mail        |    37 |    37 |    45 ||   119
  Dodge: Dodged            |    36 |    36 |    67 ||   139
